 Dungeon Crawl Stone Soup version 0.20-b1-14-g8425815 (webtiles) character file.

1267 Hook the Insei (level 8, -3/63 HPs)
             Began as a White Draconian Transmuter on May 23, 2017.
             Was a Priest of Makhleb.
             Slain by a troll (9 damage)
             ... on level 5 of the Dungeon.
             The game lasted 00:30:20 (7928 turns).

Hook the Insei (White Draconian Transmuter)         Turns: 7928, Time: 00:30:21

Health: -3/63      AC:  2    Str: 12    XL:     8   Next: 27%
Magic:  11/15      EV: 21    Int: 15    God:    Makhleb [***...]
Gold:   246        SH:  0    Dex: 18    Spells: 11/17 levels left

rFire    . . .     SeeInvis .     - Unarmed
rCold    . . .     Gourm    .   (shield currently unavailable)
rNeg     . . .     Faith    .   (armour unavailable)
rPois    x         Spirit   .   (helmet currently unavailable)
rElec    .         Reflect  .   (cloak currently unavailable)
rCorr    .         Harm     .   (gloves currently unavailable)
MR       .....                  (boots currently unavailable)
Stlth    ++........             (no amulet)
Regen    0.2/turn               (no ring)
MPRegen  0.2/turn               (no ring)

@: spider-form
A: (breathe frost), unfitting armour, AC +6
a: End Transformation, Minor Destruction, Lesser Servant of Makhleb, Renounce
Religion


You were on level 5 of the Dungeon.
You worshipped Makhleb.
Makhleb was most pleased with you.
You were not hungry.
You were a venomous arachnid creature.
You visited 1 branch of the dungeon, and saw 6 of its levels.

You collected 246 gold pieces.

Inventory:

Missiles
 a - 9 arrows
 e - 120 stones (quivered)
Armour
 r - a +1 hat (melded)
Wands
 k - a wand of enslavement (10/24)
 n - a wand of acid (4/15)
Scrolls
 g - a scroll of magic mapping
 h - a scroll of teleportation {unknown}
 i - 2 scrolls of identify
 u - a scroll of enchant armour {unknown}
Potions
 d - a potion of berserk rage
 j - 2 potions of mutation {unknown}
 m - 2 potions of curing {unknown}
 p - 3 potions of flight {unknown}
 q - a potion of lignification {unknown}
 s - a potion of ambrosia {unknown}
 t - a potion of haste
 v - a potion of might {unknown}
 w - a potion of brilliance {unknown}
Books
 b - a book of Changes

   Spells                             Type                      Level
   a - Beastly Appendage              Transmutation                1
   b - Sticks to Snakes               Transmutation                2
   c - Spider Form                    Transmutation/Poison         3
   d - Ice Form                       Ice/Transmutation            4
   e - Blade Hands                    Transmutation                5
Comestibles
 c - a bread ration
 f - a meat ration
 l - 4 fruits
 o - a royal jelly


   Skills:
 * Level 3.5 Fighting
 - Level 0.1 Throwing
 + Level 3.2 Dodging
 + Level 1.7 Stealth
 * Level 7.0 Unarmed Combat
 * Level 5.1 Spellcasting
 + Level 3.5 Transmutations


You had 11 spell levels left.
You knew the following spells:

 Your Spells              Type           Power        Failure   Level  Hunger
a - Beastly Appendage     Tmut           ##....       12%         1    None
b - Sticks to Snakes      Tmut           ##......     17%         2    ##.....
c - Spider Form           Tmut/Pois      #.........   45%         3    ###....


Dungeon Overview and Level Annotations

Branches:
Dungeon (6/15)             Temple (0/1) D:6

Altars:
Dithmenos
Makhleb
Ru
Yredelemnul
Zin
The Shining One

Annotations:
D:4 Yhamm's ghost, amateur GrGl


Innate Abilities, Weirdness & Mutations

((You can breathe waves of freezing cold.))
((You can buffet flying creatures when you breathe cold.))
((Your icy white scales are hard. (AC +6)))
You cannot fit into any form of body armour.
((Your flesh is cold resistant. (rC+)))
((You are cold-blooded and may be slowed by cold attacks.))


Message History

The troll misses you. The troll claws you! The troll barely misses you.
You bite the troll!
The troll is poisoned.
The troll is moderately wounded.
Your ball python closely misses the troll.
The troll bites you! The troll barely misses you. The troll misses you.
You closely miss the troll.
The troll is moderately wounded.
Your ball python bites the troll.
The troll misses you. x2
The troll claws you!
* * * LOW HITPOINT WARNING * * *
You bite the troll!
The troll looks as sick as possible!
The troll is heavily wounded.
Your ball python barely misses the troll.
You hit the troll but do no damage.
The troll looks as sick as possible!
The troll is heavily wounded.
Your ball python closely misses the troll.
The troll bites you.
* * * LOW HITPOINT WARNING * * *
The troll claws you!
You die...

.....######.#.##..#############
.....# #.#.##..............#
.....# #.#.................#
#....# #........##########.#
###### ##........# #.#
#.).......##########.#
####.#................#.#
##....'..)..##.........#.#
##.[...####.s##.........###
####..)...# #.T##.........#
#.#.....#.####S.##.........#
##......##.'....>##.........#
......####.#####.##.........#
...#.## #.# #............#
###### #.# #............# ###
#............#
#####.....########


You could see a troll and a friendly ball python.

Vanquished Creatures
  2 sky beasts (D:5)
  An ice beast (D:5)
  A necrophage (D:5)
  An ogre (D:5)
  A bullfrog (D:5)
  3 scorpions
  A jelly (D:5)
  A howler monkey (D:6)
  A crimson imp (D:5)
  A hound (D:4)
  An orc priest (D:5)
  3 orc wizards
  A worker ant (D:5)
  A killer bee zombie (D:5)
  A hound zombie (D:5)
  Robin (D:2)
  A worker ant zombie (D:5)
  3 gnolls
  13 adders
  An adder skeleton (D:4)
  3 worms (D:2)
  4 dart slugs
  6 leopard geckos
  19 orcs
  2 giant cockroaches
  9 hobgoblins
  5 jackals
  4 kobolds
  A quokka (D:4)
  10 bats
  4 frilled lizards
  14 goblins
  3 jackal skeletons
  2 quokka skeletons (D:4)
  8 rats
  A spectral orc (D:4)
134 creatures vanquished.

Vanquished Creatures (collateral kills)
  An iguana (D:5)
  An orc wizard (D:4)
  A gnoll (D:3)
  An adder (D:5)
  3 orcs (D:4)
  A hobgoblin (D:2)
  A jackal (D:5)
9 creatures vanquished.

Vanquished Creatures (others)
  4 toadstools (D:1)
4 creatures vanquished.

Grand Total: 147 creatures vanquished

Notes
Turn   | Place    | Note
-------+----------+-------------------------------------------
     0 | D:1      | Hook the Draconian Transmuter began the quest for the Orb.
     0 | D:1      | Reached XP level 1. HP: 16/16 MP: 3/3
   157 | D:1      | Reached XP level 2. HP: 21/23 MP: 5/5
   164 | D:1      | Learned a level 2 spell: Sticks to Snakes
  1008 | D:2      | Reached XP level 3. HP: 16/28 MP: 6/6
  1325 | D:2      | Found a burning altar of Makhleb.
  1343 | D:2      | Noticed an Executioner
  1344 | D:2      | Found a glowing silver altar of Zin.
  1344 | D:2      | Noticed an angel
  1347 | D:2      | Became a worshipper of Makhleb the Destroyer
  1409 | D:2      | Noticed Robin
  1744 | D:2      | Reached skill level 4 in Unarmed Combat
  1938 | D:2      | Reached XP level 4. HP: 36/36 MP: 7/7
  2484 | D:2      | Killed Robin
  2484 | D:2      | Reached * piety under Makhleb
  2755 | D:3      | Reached XP level 5. HP: 39/41 MP: 7/9
  3817 | D:4      | Reached ** piety under Makhleb
  3882 | D:4      | Reached skill level 1 in Stealth
  3886 | D:4      | Reached skill level 5 in Unarmed Combat
  3980 | D:4      | Noticed Yhamm's ghost (amateur GrGl)
  4049 | D:4      | Reached XP level 6. HP: 48/50 MP: 8/10
  4531 | D:4      | Found a sacrificial altar of Ru.
  4579 | D:4      | Found a basalt altar of Yredelemnul.
  4698 | D:4      | Found a shadowy altar of Dithmenos.
  4952 | D:5      | Entered Level 5 of the Dungeon
  5325 | D:5      | Learned a level 3 spell: Spider Form
  5331 | D:5      | Noticed a sky beast
  5739 | D:5      | Noticed an ice beast
  5749 | D:5      | Killed a sky beast
  5749 | D:5      | Your scales start taking on an icy white colour.
  5749 | D:5      | Reached XP level 7. HP: 53/56 MP: 9/12
  5749 | D:5      | Gained mutation: Your flesh is cold resistant. (rC+) [White Draconian growth]
  5871 | D:5      | Found a glowing golden altar of the Shining One.
  5895 | D:5      | Reached *** piety under Makhleb
  6234 | D:5      | Reached skill level 6 in Unarmed Combat
  7192 | D:5      | Reached XP level 8. HP: 59/63 MP: 15/15
  7489 | D:6      | Found a staircase to the Ecumenical Temple.
  7580 | D:6      | Noticed a troll
  7649 | D:5      | Reached skill level 5 in Spellcasting
  7692 | D:5      | Reached skill level 7 in Unarmed Combat
  7928 | D:5      | Slain by a troll

Skill      XL: |  1  2  3  4  5  6  7  8 |
---------------+-------------------------+-----
Unarmed Combat | 4 5 6 7 |  7.0
Fighting       | 2 3 |  3.5
Dodging        | 2 3 |  3.2
Spellcasting   | 3 4 5 |  5.1
Stealth        | 1 |  1.7
Transmutations | 3 |  3.5
Throwing       | |  0.1

Action                   |  1- 3 |  4- 6 |  7- 9 || total
-------------------------+-------+-------+-------++-------
Melee: Unarmed           |   122 |   324 |   225 ||   671
       Tailslap          |     9 |    35 |    20 ||    64
       Kick              |     4 |    22 |    23 ||    49
       Punch             |     1 |     4 |     7 ||    12
       Headbutt          |     6 |    11 |    10 ||    27
Throw: Stone             |     1 |    10 |    19 ||    30
 Cast: Beastly Appendage |    10 |    21 |    15 ||    46
       Sticks to Snakes  |     6 |    17 |    25 ||    48
       Spider Form       |       |       |     1 ||     1
  Use: Scroll            |     3 |     6 |       ||     9
       Potion            |       |     1 |       ||     1
 Stab: Sleeping          |       |     3 |     1 ||     4
  Eat: Chunk             |     1 |     9 |     3 ||    13
       Bread ration      |     1 |       |     2 ||     3
       Royal jelly       |       |     1 |       ||     1
       Fruit             |       |     1 |       ||     1
Armor: Skin              |    23 |    94 |    89 ||   206
Dodge: Dodged            |    76 |   207 |   135 ||   418
